 Dungeon Crawl Stone Soup version 0.17.0 (webtiles) character file.

45619 Senshi the Executioner (level 14, -9/132 HPs)
             Began as a Minotaur Fighter on Nov 19, 2015.
             Was the Champion of Okawaru.
             Mangled by Senshi's ghost (32 damage)
             ... on level 12 of the Dungeon.
             The game lasted 00:41:14 (21269 turns).

Senshi the Executioner (Minotaur Fighter)          Turns: 21269, Time: 00:41:14

Health: -9/132     AC: 24    Str: 23    XL:     14   Next: 1%
Magic:  8/14       EV:  8    Int:  5    God:    Okawaru [******]
Gold:   1402       SH:  7    Dex: 15    Spells: 0 memorised, 13 levels left

rFire  . . .     SeeInvis .     X - +7 war axe (elec)
rCold  + . .     Clarity  .     I - +1 plate armour
rNeg   . . .     SustAt   .     f - +2 buckler {reflect}
rPois  +         Gourm    .     H - +1 hat
rElec  .         Spirit   .     V - +2 cloak
rCorr  .         Warding  .     g - +0 pair of gloves
rMut   .         Stasis   .     (no boots)
MR     +....                    h - amulet of rage
Stlth  ..........               u - ring of poison resistance
                                U - ring of protection from cold

@: about to teleport, heroism, finesse, heavily drained, somewhat resistant to
hostile enchantments, extremely unstealthy
A: retaliatory headbutt, horns 2, yellow scales 1, high mp 1, strong 1
a: Heroism, Finesse, Renounce Religion, Evoke Berserk Rage


You were on level 12 of the Dungeon.
You worshipped Okawaru.
Okawaru was exalted by your worship.
You were not hungry.

You visited 2 branches of the dungeon, and saw 20 of its levels.
You also visited: Ice Cave.

You collected 1402 gold pieces.

Inventory:

Hand Weapons
 E - a +3 broad axe of chopping
 M - a +1 battleaxe of freezing
 Q - the +1 battleaxe "Viteij" {chop, rF+}
   (Okawaru gifted it to you on level 3 of the Lair of Beasts)

   It inflicts extra damage upon your enemies.
   It protects you from fire.
 X - a +7 war axe of electrocution (weapon)
Missiles
 x - 22 tomahawks (quivered)
 y - a tomahawk of dispersal
Armour
 b - a +0 shield
 f - a +2 buckler of reflection (worn)
 g - a +0 pair of gloves (worn)
 H - a +1 hat (worn)
 I - a +1 plate armour (worn)
 V - a +2 cloak (worn)
Jewellery
 h - an amulet of rage (around neck)
 p - an uncursed ring of stealth
 t - an uncursed ring of positive energy
 u - a ring of poison resistance (right hand)
 A - an uncursed ring of flight {unknown}
 P - a +3 ring of intelligence
 U - a ring of protection from cold (left hand)
Wands
 a - a wand of magic darts (15)
 q - a wand of draining (9)
 J - a wand of flame (17)
 Y - a wand of disintegration (24)
Scrolls
 i - 5 scrolls of remove curse
 o - a scroll of magic mapping
 s - 3 scrolls of fog
 v - 2 scrolls of fear
Potions
 d - 3 potions of might
 n - 3 potions of curing
 r - 3 potions of lignification
 z - 7 potions of resistance
 B - 2 potions of agility {unknown}
 C - 2 potions of haste
 F - a potion of cancellation
 G - 2 potions of berserk rage
 W - a potion of flight {unknown}
Comestibles
 e - 10 bread rations
 j - 64 fruits
 l - a meat ration
 w - 2 beef jerkies


   Skills:
 + Level 14.0(15.0) Fighting
 * Level 21.7(22.1) Axes
 + Level 9.6(11.0) Armour
 - Level 3.6(5.4) Shields
 - Level 0.2(0.0) Invocations


You had 13 spell levels left.
You didn't know any spells.

Dungeon Overview and Level Annotations

Branches:
Dungeon (12/15)            Temple (0/1) D:7            Lair (8/8) D:10
  Swamp (0/4) Lair:3        Snake (0/4) Lair:3          Orc (0/4) D:12
  Slime: Lair:6-8

Altars:
Fedhas
Makhleb
Okawaru
Qazlal
Sif Muna
Trog
Xom
The Shining One

Shops:
D:7 *

Annotations:
D:12 Senshi's ghost, journeyman MiFi


Innate Abilities, Weirdness & Mutations

You reflexively headbutt those who attack you in melee.
You have a pair of horns on your head.
You are partially covered in yellow scales (AC +2).
You have an increased reservoir of magic (+10% MP).
Your muscles are strong. (Str +2)


Message History

Senshi's ghost is heavily damaged.
You slash Senshi's ghost!
There is a sudden explosion of sparks!
Senshi's ghost is severely damaged.
Senshi's ghost hits you!!
* * * LOW HITPOINT WARNING * * *
You feel drained.
You hit Senshi's ghost.
Senshi's ghost is severely damaged.
Drink which item? (? for menu, Esc to quit)
You feel much better. You block Senshi's ghost's attack.
You fail to use your ability.
Senshi's ghost hits you!!
* * * LOW HITPOINT WARNING * * *
You feel drained.
* * * LOW HITPOINT WARNING * * *
Your plate armour prevents you from hitting Senshi's ghost.
Senshi's ghost is severely damaged.
Read which item? (? for menu, Esc to quit)
As you read the scroll of teleportation, it crumbles to dust.
You feel strangely unstable. Senshi's ghost hits you!!
You die...

..........# #
#..............#########
+.............))........
#............).)########
.#..≈≈.....>.)...#
.≈..............## ...
.≈..............# ....
#≈.............#
..≈.##≈.....@.......#
......≈###.W........#
.....≈≈##...........#
.....≈..#...........#
.c.....≈≈.)............#
#c.....≈≈.)#..[........#
#....(.)≈..##(###......#
#...≈≈.≈....(.(##......#
#..≈).≈.......##......#


You could see Senshi's ghost.

Vanquished Creatures
  3 hydras
  A centaur warrior (D:9)
  A fire crab (Lair:8)
  2 hill giants (D:11)
  A lindwurm (Lair:8)
  A cyclops (D:8)
  3 black mambas
  3 ice statues (IceCv)
  3 torpor snails
  11 spiny frogs
  Psyche (D:9)
  2 kobold demonologists (D:11)
  5 komodo dragons
  2 polar bears
  3 fire drakes
  A two-headed ogre (D:8)
  Grinder (D:3)
  A polar bear (shapeshifter) (D:9)
  2 boulder beetles (Lair:8)
  28 blink frogs
  A giant leech (Lair:8)
  2 wyverns
  Sigmund (D:3)
  48 yaks
  13 hippogriffs
  Eustachio (D:5)
  4 basilisks
  2 hungry ghosts (D:9)
  Grum (D:10)
  A steam dragon (D:11)
  2 swamp worms (Lair:3)
  10 wolves
  A warg (D:12)
  6 ice beasts (IceCv)
  Duvessa (D:5)
  17 water moccasins
  10 porcupines
  A soldier ant (Lair:8)
  3 sky beasts
  5 orc warriors
  8 crocodiles
  3 phantoms
  3 boggarts (D:11)
  A black bear (D:7)
  2 necrophages
  10 centaurs
  2 ogres (D:9)
  19 giant frogs
  2 big kobolds (D:9)
  Blork the orc (D:5)
  Dowan (D:5)
  A wyvern skeleton (D:11)
  4 scorpions
  17 killer bees
  A vampire bat (Lair:2)
  20 wights
  An electric eel (Lair:5)
  A crimson imp (D:7)
  A jelly (D:10)
  A quasit (D:9)
  3 giant frog zombies
  A gnoll shaman (D:5)
  8 orc priests
  4 giant frog skeletons
  9 orc wizards
  4 hounds
  8 iguanas
  5 worker ants
  A giant frog simulacrum (D:12)
  A killer bee zombie (D:6)
  2 hound skeletons
  A mummy (D:8)
  A worker ant zombie (D:11)
  15 adders
  4 gnolls (D:5)
  64 river rats
  12 white imps (Lair:7)
  4 shadow imps
  An ufetubus (D:12)
  An ooze (D:2)
  An adder zombie (D:9)
  An adder skeleton (D:4)
  4 worms
  7 giant geckos
  38 orcs
  5 giant cockroaches
  9 goblins
  6 hobgoblins
  11 jackals
  A ball python (D:2)
  17 bats
  A giant cockroach zombie (D:5)
  12 giant newts
  13 kobolds
  A kobold zombie (D:8)
  An orc zombie (D:8)
  A quokka (D:10)
  8 rats
  8 fungi
  2 plants (Lair:8)
600 creatures vanquished.

Vanquished Creatures (others)
  An unseen horror (D:12)
  A komodo dragon (Lair:8)
  2 centaurs (D:12)
  6 fungi (Lair:8)
  16 plants
26 creatures vanquished.

Grand Total: 626 creatures vanquished

Notes
Turn   | Place    | Note
--------------------------------------------------------------
     0 | D:1      | Senshi the Minotaur Fighter began the quest for the Orb.
     0 | D:1      | Reached XP level 1. HP: 19/19 MP: 0/0
    86 | D:1      | Reached XP level 2. HP: 22/27 MP: 1/1
   101 | D:1      | Reached skill level 4 in Fighting
   631 | D:2      | Reached XP level 3. HP: 26/33 MP: 2/2
   723 | D:2      | Reached XP level 4. HP: 30/41 MP: 3/3
   909 | D:2      | Found a blossoming altar of Fedhas.
  1030 | D:2      | Reached skill level 5 in Fighting
  1389 | D:3      | Reached skill level 5 in Axes
  1518 | D:3      | Found a bloodstained altar of Trog.
  1546 | D:3      | Noticed Grinder
  1548 | D:3      | Reached XP level 5. HP: 24/48 MP: 4/4
  1553 | D:3      | Paralysed by Grinder for 7 turns
  1565 | D:3      | Killed Grinder
  1565 | D:3      | Reached skill level 6 in Axes
  1565 | D:3      | Reached XP level 6. HP: 20/57 MP: 5/5
  1818 | D:3      | Noticed Sigmund
  1835 | D:3      | Killed Sigmund
  1835 | D:3      | Reached skill level 7 in Axes
  1956 | D:3      | Reached XP level 7. HP: 55/64 MP: 6/6
  2026 | D:4      | Reached skill level 8 in Axes
  2651 | D:4      | Found a burning altar of Makhleb.
  2898 | D:5      | Entered Level 5 of the Dungeon
  3301 | D:5      | Noticed Dowan
  3301 | D:5      | Noticed Eustachio
  3302 | D:5      | Noticed Duvessa
  3328 | D:5      | Killed Duvessa
  3328 | D:5      | Reached skill level 9 in Axes
  3514 | D:5      | Killed Dowan
  3519 | D:5      | Killed Eustachio
  3519 | D:5      | Reached XP level 8. HP: 55/73 MP: 7/7
  3558 | D:5      | Noticed Blork the orc
  3591 | D:5      | Killed Blork the orc
  3626 | D:5      | Reached skill level 10 in Axes
  3956 | D:5      | Found a shimmering altar of Xom.
  4175 | D:6      | Reached skill level 11 in Axes
  4383 | D:6      | Found a stormy altar of Qazlal.
  4475 | D:6      | Found a shimmering altar of Xom.
  4585 | D:6      | Found a stormy altar of Qazlal.
  4660 | D:6      | Found an iron altar of Okawaru.
  4688 | D:6      | Became a worshipper of Warmaster Okawaru
  4934 | D:7      | You fall through a shaft!
  4964 | D:8      | Noticed a two-headed ogre
  4985 | D:8      | Found a sand-covered staircase.
  5265 | D:8      | Found an iron altar of Okawaru.
  5322 | D:7      | Reached XP level 9. HP: 76/82 MP: 8/8
  5363 | D:7      | Reached skill level 12 in Axes
  5581 | D:7      | Found Parocw's General Store.
  5724 | D:7      | Found a staircase to the Ecumenical Temple.
  5760 | D:7      | Reached * piety under Okawaru
  5764 | D:7      | Gained mutation: Your spells are a little easier to cast, but a little less powerful. [mutagenic meat]
  5765 | D:7      | Lost mutation: Your spells are a little easier to cast, but a little less powerful. [mutagenic meat]
  5766 | D:7      | Gained mutation: Your muscles are strong. (Str +2) [mutagenic meat]
  5767 | D:7      | Gained mutation: You have an increased reservoir of magic (+10% MP). [mutagenic meat]
  5768 | D:7      | Gained mutation: You evolve. [mutagenic meat]
  5973 | D:7      | Found a deep blue altar of Sif Muna.
  6279 | D:8      | Reached skill level 13 in Axes
  6662 | D:8      | Killed a two-headed ogre
  6662 | D:8      | Reached ** piety under Okawaru
  6932 | D:8      | Reached skill level 14 in Axes
  6943 | D:8      | Reached XP level 10. HP: 57/91 MP: 10/10
  7015 | D:8      | Noticed a cyclops
  7116 | D:7      | Gained mutation: You are partially covered in yellow scales (AC +2). [evolution]
  7116 | D:7      | Lost mutation: You evolve. [end of evolution]
  7326 | D:8      | Killed a cyclops
  7326 | D:8      | Reached skill level 10 in Fighting
  7989 | D:9      | Reached *** piety under Okawaru
  8003 | D:9      | Reached skill level 15 in Axes
  8474 | D:9      | Noticed Psyche
  8484 | D:9      | Killed Psyche
  8839 | D:9      | Noticed a centaur warrior
  8841 | D:9      | Reached **** piety under Okawaru
  8845 | D:9      | Reached skill level 16 in Axes
  8852 | D:9      | Killed a centaur warrior
  8863 | D:9      | Reached XP level 11. HP: 64/101 MP: 11/11
  9084 | D:10     | Entered Level 10 of the Dungeon
  9140 | D:10     | Noticed Grum
  9340 | D:10     | Killed Grum
 10007 | D:10     | Found a staircase to the Lair.
 10159 | D:11     | Noticed a five-headed hydra
 10307 | D:11     | Noticed a hill giant
 10314 | D:11     | Killed a hill giant
 10314 | D:11     | Reached ***** piety under Okawaru
 10314 | D:11     | Reached skill level 17 in Axes
 10841 | D:11     | Noticed a hill giant
 10847 | D:11     | Killed a hill giant
 10856 | D:11     | Found a glowing golden altar of the Shining One.
 11435 | D:10     | You fall through a shaft!
 11504 | Lair:1   | Entered Level 1 of the Lair of Beasts
 11513 | D:10     | Reached skill level 18 in Axes
 12208 | Lair:1   | Reached skill level 5 in Armour
 12423 | Lair:1   | You fall through a shaft!
 12622 | Lair:1   | Reached XP level 12. HP: 94/112 MP: 12/12
 13237 | Lair:2   | Reached ****** piety under Okawaru
 13564 | Lair:3   | Received a gift from Okawaru
 13565 | Lair:3   | Got a scorched battleaxe {god gift}
 13566 | Lair:3   | Identified the +1 battleaxe "Viteij" {chop, rF+} (Okawaru gifted it to you on level 3 of the Lair of Beasts)
 13737 | Lair:3   | Noticed a four-headed hydra
 13745 | Lair:3   | Killed an eight-headed hydra
 13780 | Lair:3   | Found a staircase to the Snake Pit.
 14084 | Lair:3   | Reached skill level 19 in Axes
 14176 | Lair:3   | Found a staircase to the Swamp.
 16393 | Lair:6   | Received a gift from Okawaru
 16393 | Lair:6   | Reached skill level 20 in Axes
 16902 | Lair:6   | Reached XP level 13. HP: 119/122 MP: 13/13
 17470 | Lair:7   | Found a frozen archway.
 17485 | IceCv    | Entered an ice cave
 18852 | Lair:8   | Entered Level 8 of the Lair of Beasts
 18979 | Lair:8   | Reached skill level 21 in Axes
 19422 | Lair:8   | Received a gift from Okawaru
 21142 | D:12     | Found a staircase to the Orcish Mines.
 21228 | D:12     | Reached XP level 14. HP: 107/132 MP: 14/14
 21241 | D:12     | Noticed Senshi's ghost (journeyman MiFi)
 21269 | D:12     | Mangled by Senshi's ghost

Action                   |  1- 3 |  4- 6 |  7- 9 | 10-12 | 13-15 || total
-------------------------+-------+-------+-------+-------+-------++-------
Melee: War axe           |    75 |    72 |   184 |       |   261 ||   592
       Battleaxe         |       |       |   154 |   781 |   119 ||  1054
Invok: Heroism           |       |       |       |     3 |     3 ||     6
       Finesse           |       |       |       |       |     1 ||     1
 Abil: Evoke Berserk Rag |       |     1 |     2 |       |       ||     3
  Use: Scroll            |       |       |    11 |    22 |     3 ||    36
       Potion            |       |       |       |     2 |     2 ||     4
  Eat: Chunk             |       |     4 |     8 |    22 |     8 ||    42
       Meat ration       |       |       |     1 |       |       ||     1
       Bread ration      |       |       |     2 |     3 |     2 ||     7
       Fruit             |       |       |       |     1 |     1 ||     2
